Map: Lerilak Crest

Players

Nina (Lillekanin) - Winner!

  • Race: Terran Terran
  • League: Master

Night

  • Race: Zerg Zerg
  • League: Master

Event: Lycan League Weekly August #1

VOD

Have the link to the VOD?

Description

Time

  • Played on: Aug. 3, 2015, 12:17 p.m.
  • Length: 8:12
Show
View Real Time Build Order
Export as new Build Order

Nina Terran - Winner!

Build Orders: Reaper Expand 

Get SALT Encoding   

  12  0:01  SCV  
  13  0:13  SCV  
  14  0:18  Supply Depot  
  14  0:25  SCV  
  15  0:39  SCV  
  15  0:41  Barracks  
  16  0:45  Refinery  
  16  0:51  SCV  
  17  1:04  SCV  
  18  1:16  SCV  
  19  1:30  Reaper  
  19  1:31  Orbital Command  
  20  1:42  Command Center  
  20  1:53  Supply Depot  
  20  1:57  SCV  
  21  2:08  Barracks Reactor  
  21  2:09  SCV  
  22  2:21  SCV  
  23  2:33  SCV  
  24  2:37  Factory  
  24  2:44  Command Center  
  24  2:45  Marine  
  24  2:46  SCV, Marine  
  27  2:58  SCV  
  28  2:59  Orbital Command  
  28  3:03  Refinery  
  28  3:06  Marine  
  28  3:07  Marine  
  28  3:10  SCV  
  31  3:22  SCV  
  31  3:26  SCV  
  33  3:31  Supply Depot  
  33  3:32  Starport  
  33  3:34  SCV  
  33  3:39  Hellion  
  33  3:40  Hellion  
  38  3:46  SCV  
  39  3:48  SCV  
  39  3:54  Bunker  
  40  3:58  SCV  
  40  4:00  Hellion, Liberator  
  40  4:01  SCV, Hellion  
  46  4:10  SCV  
  46  4:11  Orbital Command  
  47  4:19  SCV  
  47  4:22  SCV  
  52  4:30  Armory  
  52  4:31  SCV, Orbital Command  
  52  4:37  Hellion x2  
  52  4:38  SCV  
  58  4:43  Barracks Reactor  
  58  4:45  SCV  
  59  4:48  Refinery, Engineering Bay  
  59  4:51  Refinery  
  59  4:57  Supply Depot, SCV  
  60  5:00  SCV  
  60  5:03  SCV  
  62  5:09  SCV, Hellion x2, Liberator x2  
  62  5:12  SCV  
  68  5:15  SCV  
  69  5:21  SCV  
  69  5:24  SCV  
  77  5:32  Terran Vehicle Weapons Level 1  
  77  5:36  SCV  
  77  5:39  SCV x2  
  77  5:40  Supply Depot  
  80  5:43  Supply Depot  
  80  5:44  Hellion x2  
  80  5:48  Factory  
  85  5:50  SCV  
  85  5:51  Factory  
  85  5:55  Liberator x2  
  85  6:01  SCV x2  
  85  6:02  Supply Depot x2  
  87  6:08  Refinery  
  87  6:11  Refinery  
  83  6:14  SCV x2  
  83  6:17  Hellion  
  90  6:27  SCV  
  90  6:31  SCV x2  
  93  6:35  Factory Tech Lab  
  93  6:36  Factory Tech Lab  
  93  6:38  Factory  
  93  6:42  Missile Turret  
  93  6:43  Supply Depot  
  93  6:45  SCV x2  
  96  6:47  SCV, Missile Turret  
  95  7:00  Cyclone x2  
  101  7:03  SCV x3  
  101  7:08  Command Center  
  100  7:15  SCV x2, Factory  
  102  7:19  SCV, Factory  
  100  7:32  Cyclone x2  
  106  7:37  Factory Tech Lab  
  100  7:47  Hellbat x2  
  102  8:04  Factory Tech Lab  
  105  8:09  Command Center  
  105  8:10  Missile Turret  
  105  8:11  Missile Turret  
Show
View Real Time Build Order
Export as new Build Order

Night Zerg 

Build Orders: Hatch First 

Get SALT Encoding   

  12  0:01  Drone  
  13  0:12  Overlord  
  13  0:18  Drone  
  14  0:30  Drone  
  14  0:31  Drone  
  16  0:36  Drone  
  17  0:53  Hatchery  
  17  0:54  Drone  
  17  0:58  Drone  
  18  1:09  Extractor  
  17  1:15  Spawning Pool  
  17  1:16  Drone  
  17  1:18  Drone  
  18  1:28  Drone  
  19  1:38  Overlord  
  19  1:53  Drone  
  20  2:03  Queen  
  20  2:04  Zergling x2  
  20  2:05  Queen  
  20  2:06  Zergling x2  
  26  2:12  Metabolic Boost  
  26  2:15  Drone  
  25  2:32  Overlord, Extractor  
  25  2:33  Drone x3  
  27  2:40  Queen  
  30  2:52  Drone x2  
  30  2:54  Drone x2  
  34  2:58  Overlord  
  34  3:06  Drone  
  34  3:10  Hatchery  
  34  3:11  Drone  
  35  3:17  Drone x3  
  37  3:23  Drone x2  
  39  3:30  Drone x2  
  43  3:34  Drone x3  
  44  3:41  Roach Warren  
  44  3:43  Drone  
  44  3:53  Drone x2  
  44  3:54  Drone x2  
  44  3:55  Overlord  
  48  4:01  Overlord  
  47  4:07  Drone, Extractor  
  47  4:08  Drone x4, Extractor  
  50  4:19  Overlord  
  50  4:21  Lair  
  50  4:23  Extractor  
  50  4:24  Roach  
  51  4:28  Overlord  
  51  4:34  Drone x3  
  51  4:35  Roach x2  
  57  4:39  Overlord  
  57  4:46  Queen  
  59  4:53  Ravager  
  59  4:54  Roach x2  
  59  4:59  Roach  
  66  5:03  Ravager  
  66  5:04  Overlord  
  66  5:05  Drone x4  
  66  5:06  Drone x2  
  73  5:07  Drone  
  73  5:09  Drone  
  73  5:12  Roach  
  77  5:14  Drone x3  
  77  5:20  Evolution Chamber  
  77  5:21  Evolution Chamber, Drone  
  78  5:23  Overlord  
  78  5:26  Ravager x3  
  82  5:30  Drone  
  82  5:33  Glial Reconstitution  
  83  5:38  Drone x5  
  88  5:43  Zergling x2  
  88  5:47  Drone  
  88  5:48  Drone x5  
  94  5:56  Extractor  
  92  5:57  Extractor  
  85  6:12  Drone x6  
  85  6:13  Drone  
  91  6:24  Drone x3  
  88  6:31  Drone x5  
  93  6:37  Infestation Pit  
  93  6:39  Hydralisk Den  
  91  6:48  Roach x7  
  91  6:51  Ravager  
  106  6:55  Hatchery  
  104  7:02  Roach  
  99  7:13  Overlord x2  
  89  7:32  Ravager x4  
  81  7:40  Drone x7  
  81  7:41  Drone x3  
  57  7:59  Drone x3  

Tags
 
Add a new tag
Caveats
  • Supply blocks, unpowered buildings, or Contaminate may cause inaccurate times.
  • Supply counts are checked every 10 seconds.